 Dungeon Crawl Stone Soup version 0.22.0 (webtiles) character file.

2980 Matezma the Cleaver (level 9, -3/73 HPs)
             Began as a Minotaur Berserker on Oct 29, 2018.
             Was an Elder of Trog.
             Killed from afar by Erica (22 damage)
             ... with a bolt of poison
             ... on level 8 of the Dungeon.
             The game lasted 00:28:26 (7356 turns).

Matezma the Cleaver (Minotaur Berserker)            Turns: 7356, Time: 00:28:27

Health: -3/73      AC: 13    Str: 24    XL:     9   Next: 53%
Magic:  8/8        EV:  8    Int:  4    God:    Trog [****..]
Gold:   366        SH:  0    Dex: 11    Spells: 8/8 levels left

rFire    . . .     SeeInvis .   y - +3 battleaxe (freeze)
rCold    + . .     Gourm    .   (shield currently unavailable)
rNeg     . . .     Faith    .   q - +0 plate armour
rPois    .         Spirit   .   (helmet restricted)
rElec    .         Reflect  .   d - +1 cloak
rCorr    .         Harm     .   (no gloves)
MR       .....                  (no boots)
Stlth    ..........             (no amulet)
HPRegen  0.22/turn              h - ring of protection from cold
MPRegen  0.11/turn              (no ring)

@: lethally poisoned (-3 -> -12)
A: retaliatory headbutt, horns 2
a: Berserk, Trog's Hand, Brothers in Arms, Renounce Religion


You were on level 8 of the Dungeon.
You worshipped Trog.
Trog was greatly pleased with you.
You were not hungry.

You visited 1 branch of the dungeon, and saw 8 of its levels.

You collected 366 gold pieces.

Inventory:

Hand Weapons
 y - a +3 battleaxe of freezing (weapon)
 z - a +2 battleaxe
Missiles
 n - 242 stones (quivered)
Armour
 d - a +1 cloak (worn)
 q - a +0 plate armour (worn)
Jewellery
 f - an uncursed amulet of faith
 h - a ring of protection from cold (left hand)
 k - an uncursed ring of poison resistance {unknown}
 s - an uncursed ring of protection from cold
 C - a +3 ring of evasion {unknown}
Wands
 e - a wand of flame (24)
Scrolls
 a - a scroll of identify
 i - 2 scrolls of teleportation
 o - 2 scrolls of remove curse
 p - a scroll of blinking
 r - 2 scrolls of fog
 t - 4 scrolls of fear
 v - a scroll of immolation
Potions
 b - a potion of haste
 g - a potion of magic
 j - a potion of lignification
 l - a potion of mutation {unknown}
 m - a potion of cancellation {unknown}
 u - 4 potions of brilliance
 w - 2 potions of resistance
 x - a potion of curing {unknown}
 A - a potion of agility {unknown}
Comestibles
 c - 5 rations
 B - 4 chunks of flesh


   Skills:
 + Level 4.8 Fighting
 + Level 14.5 Axes
 + Level 3.9 Armour
 + Level 3.5 Dodging


You had 8 spell levels left.
You didn't know any spells.
Your spell library was empty.

Dungeon Overview and Level Annotations

Branches:
Dungeon (8/15)             Temple (0/1) D:7
   Lair: D:8-11

Altars:
Fedhas
Hepliaklqana
Makhleb
Nemelex Xobeh
Okawaru
Ru
Sif Muna
Vehumet
Wu Jian
Xom
Zin
The Shining One

Annotations:
D:2 exclusion: oklob plant
D:8 Erica


Innate Abilities, Weirdness & Mutations

You reflexively headbutt those who attack you in melee.
You have a pair of horns on your head.


Message History

You hit Erica but do no damage. You headbutt Erica.
Erica is heavily wounded.
You feel sick. Erica hits you but does no damage.
You hit Erica but do no damage.
Erica is heavily wounded.
Erica gestures at you while chanting. You resist with significant effort.
You slash Erica! You freeze Erica.
Erica is almost dead.
Erica hits you with a scimitar of flaming.
* * * LOW HITPOINT WARNING * * *
Erica burns you.
* * * LOW HITPOINT WARNING * * *
You barely miss Erica.
Erica is severely wounded.
You feel sick. Erica gestures at you while chanting.
The bolt of poison hits you!
You are more poisoned.
You die...

.##########
..........#
..........#
..........#
..........#
..........# ..
.......@..# .
#.......@..# #
#.........[# ) #
..........# ... #
#.#####.####...> #
####.#####......._.
#
##................#
#
#..####.......#####
# ###..##...###..##
####..........###.#


You could see Erica.

Vanquished Creatures
  Prince Ribbit (D:7)
  A slime creature (D:5)
  A hungry ghost (D:8)
  3 ice beasts
  An orc warrior (D:6)
  3 phantoms
  A necrophage (D:8)
  2 centaurs
  A big kobold (D:5)
  A bullfrog (D:5)
  2 scorpions
  4 wights (D:6)
  3 crimson imps
  2 bullfrog skeletons
  A centaur skeleton (D:4)
  An orc priest (D:6)
  4 hounds
  7 jellies
  3 iguanas
  9 worker ants
  4 orc wizards
  A killer bee zombie (D:7)
  A hound zombie (D:7)
  A hound skeleton (D:7)
  A howler monkey skeleton (D:8)
  5 adders
  4 shadow imps
  2 oozes (D:5)
  3 adder skeletons
  4 worms
  6 dart slugs
  6 leopard geckos
  14 orcs
  A ball python (D:4)
  5 giant cockroaches
  8 goblins
  10 hobgoblins
  3 jackals (D:3)
  2 quokkas
  9 bats
  5 frilled lizards
  A jackal skeleton (D:4)
  5 kobolds (D:5)
  6 rats
158 creatures vanquished.

Vanquished Creatures (others)
  5 fungi (D:5)
  9 toadstools (D:5)
14 creatures vanquished.

Grand Total: 172 creatures vanquished

Notes
Turn   | Place    | Note
-------+----------+-------------------------------------------
     0 | D:1      | Matezma the Minotaur Berserker began the quest for the Orb.
     0 | D:1      | Reached XP level 1. HP: 19/19 MP: 0/0
   178 | D:1      | Reached XP level 2. HP: 27/27 MP: 1/1
   611 | D:1      | Reached skill level 4 in Axes
   916 | D:1      | Reached XP level 3. HP: 26/33 MP: 2/2
   989 | D:1      | Reached ** piety under Trog
  1457 | D:2      | Reached skill level 5 in Axes
  1548 | D:2      | Found a blossoming altar of Fedhas.
  1558 | D:2      | Noticed an oklob plant
  1661 | D:2      | Reached XP level 4. HP: 34/40 MP: 3/3
  1726 | D:2      | Found a radiant altar of Vehumet.
  1739 | D:2      | Found a burning altar of Makhleb.
  1748 | D:2      | Found a glowing golden altar of the Shining One.
  1760 | D:2      | Found a glowing silver altar of Zin.
  1831 | D:2      | Found a shimmering altar of Xom.
  2289 | D:3      | Reached skill level 6 in Axes
  2296 | D:3      | Reached *** piety under Trog
  2296 | D:3      | Reached XP level 5. HP: 46/46 MP: 4/4
  2617 | D:4      | Reached skill level 7 in Axes
  2857 | D:4      | Reached XP level 6. HP: 49/52 MP: 5/5
  3212 | D:4      | Reached skill level 8 in Axes
  3421 | D:5      | Entered Level 5 of the Dungeon
  3472 | D:5      | Found a deep blue altar of Sif Muna.
  3489 | D:5      | Reached skill level 9 in Axes
  3547 | D:5      | Reached XP level 7. HP: 57/59 MP: 6/6
  3718 | D:5      | Reached skill level 10 in Axes
  3813 | D:5      | Found a sparkling altar of Nemelex Xobeh.
  3951 | D:5      | Reached **** piety under Trog
  4260 | D:5      | Noticed a slime creature
  4263 | D:5      | Reached skill level 11 in Axes
  4315 | D:5      | Reached XP level 8. HP: 22/66 MP: 7/7
  4640 | D:5      | Killed a slime creature
  4981 | D:5      | Reached skill level 12 in Axes
  5370 | D:6      | Found an ornate altar of the Wu Jian Council.
  5544 | D:6      | Found a hazy altar of Hepliaklqana.
  5779 | D:6      | Reached skill level 13 in Axes
  6496 | D:6      | Reached XP level 9. HP: 64/71 MP: 8/8
  6551 | D:7      | Noticed Prince Ribbit
  6574 | D:7      | Killed Prince Ribbit
  6574 | D:7      | Reached skill level 14 in Axes
  7082 | D:7      | Found a sacrificial altar of Ru.
  7101 | D:7      | Found a staircase to the Ecumenical Temple.
  7338 | D:8      | Found an iron altar of Okawaru.
  7342 | D:8      | Noticed Erica
  7356 | D:8      | Killed from afar by Erica

Skill      XL: |  1  2  3  4  5  6  7  8  9 |
---------------+----------------------------+-----
Fighting       | 4 |  4.8
Axes           | 4 5 6 7 9 11 13 14 | 14.5
Armour         | 3 |  3.9
Dodging        | 3 |  3.5

Action                   |  1- 3 |  4- 6 |  7- 9 || total
-------------------------+-------+-------+-------++-------
Melee: Hand axe          |    89 |   150 |   176 ||   415
       Headbutt          |    11 |    21 |    61 ||    93
       Battleaxe         |       |       |    90 ||    90
  Use: Scroll            |       |     6 |    11 ||    17
  Eat: Chunk             |     2 |     5 |     1 ||     8
       Ration            |       |     1 |     4 ||     5
Armor: Animal skin       |     4 |       |       ||     4
       Ring mail         |    18 |       |       ||    18
       Chain mail        |     6 |    67 |    66 ||   139
       Plate armour      |       |       |    40 ||    40
Dodge: Dodged            |    39 |    54 |    74 ||   167
